 Dungeon Crawl Stone Soup version 0.29-a0-551-gffc1d7fb78 (webtiles) character file.

Game seed: 17248077421370430298

81 shadowstone the Shield-Bearer (level 4, -5/28 HPs)
             Began as a Gargoyle Fighter on June 5, 2022.
             Slain by Edmund
             ... wielding a +1 flail of protection
              (6 damage)
             ... on level 4 of the Dungeon.
             The game lasted 00:04:24 (1300 turns).

shadowstone the Shield-Bearer (Gargoyle Fighter)    Turns: 1300, Time: 00:04:24

Health: -5/28      AC: 10    Str: 22    XL:     4   Next: 40%
Magic:  4/4        EV:  9    Int:  8    God:
Gold:   82         SH:  4    Dex:  9    Spells: 3/3 levels left

rFire   . . .      SeeInvis +   r - +8 short sword of Joithylaips {freeze, rC+ SInv}
rCold   + . .      Faith    +   c - +0 buckler
rNeg    + . .      Spirit   .   b - +0 scale mail
rPois   ∞          Reflect  .   (no helmet)
rElec   +          Harm     .   (no cloak)
rCorr   .          Rampage  .   (no gloves)
Will    .....                   (no boots)
Stlth   ..........              q - amulet of faith
HPRegen 0.09/turn               (no ring)
MPRegen 0.09/turn               (no ring)

@: no status effects
A: sickness immunity, AC +3, negative energy resistance 1, electricity
resistance, torment resistance 1, petrification resistance
a: no special abilities


You were on level 4 of the Dungeon.
You visited 1 branch of the dungeon, and saw 4 of its levels.

You collected 82 gold pieces.

Inventory:

Hand Weapons
 a - a +0 trident
 r - the +8 short sword of Joithylaips (weapon) {freeze, rC+ SInv}
   (You found it on level 3 of the Dungeon)

   It freezes those it strikes, dealing additional cold damage.
   It can also slow down cold-blooded creatures.
   rC:        It protects you from cold.
   SInv:      It lets you see invisible.
 s - a +2 dagger of holy wrath
Armour
 b - a +0 scale mail (worn)
 c - a +0 buckler (worn)
Jewellery
 q - an amulet of faith (around neck)
Scrolls
 f - 4 scrolls of identify {unknown}
 h - a scroll of poison {unknown}
 i - a scroll of enchant weapon {unknown}
 j - a scroll of noise {unknown}
 k - a scroll of immolation {unknown}
 m - a scroll of summoning {unknown}
 p - a scroll of brand weapon {unknown}
Potions
 d - 2 potions of might
 e - a potion of curing {unknown}
 g - 2 potions of brilliance {unknown}
 l - a potion of mutation {unknown}
 n - a potion of degeneration {unknown}
 o - a potion of attraction {unknown}


   Skills:
 + Level 3.4 Fighting
 + Level 2.7 Polearms
 + Level 3.7 Armour
 + Level 1.4 Dodging
 + Level 3.8 Shields


You had 3 spell levels left.
You didn't know any spells.
Your spell library was empty.

Dungeon Overview and Level Annotations

Branches:
Dungeon (4/15)
 Temple: D:4-7

Altars:

Annotations:
D:4 Edmund


Innate Abilities, Weirdness & Mutations

You are immune to sickness and miasma.
Your stone body is resilient. (AC +3)
You are immune to poison.
You resist negative energy. (rN+)
You are resistant to electric shocks. (rElec)
You are resistant to unholy torment.
You are immune to petrification.


Message History

a +2 dagger of holy wrath; a stone; a kobold corpse
Found a stone staircase leading down.
Things that are here:
a +2 dagger of holy wrath; a stone; a kobold corpse
s - a +2 dagger of holy wrath
There is a stone staircase leading down here.
There is a stone staircase leading down here.
You climb downwards.
There is a stone staircase leading up here.
Edmund and a hound come into view.
Edmund is wielding a +1 flail of protection.
Edmund shouts!
A dart slug comes into view.
Edmund says, "I'm quite good with sums, too."
You hit the hound. You freeze the hound.
The hound is moderately wounded.
You block the hound's attack.
You puncture the hound! You freeze the hound.
You kill the hound!
Edmund drinks a potion.
Edmund goes berserk!
You have reached level 4!
You feel stronger.
Edmund hits you with a +1 flail of protection!
Ouch! That really hurt!
You barely miss Edmund. Edmund hits you but does no damage.
You block Edmund's attack.
You hit Edmund. You freeze Edmund.
Edmund is lightly wounded.
Edmund hits you with a +1 flail of protection.
* * * LOW HITPOINT WARNING * * *
Edmund closely misses you.
You completely miss Edmund.
Edmund is lightly wounded.
Edmund hits you with a +1 flail of protection.
* * * LOW HITPOINT WARNING * * *
You puncture Edmund! You freeze Edmund.
Edmund is moderately wounded.
Edmund hits you but does no damage.
Edmund hits you with a +1 flail of protection.
You die...

#.....## #...... #
#.....# #.# #. #.....#
#.####.##.....##
#.##.....w.....##
.........@.......
#.#######@#####
#.#...........#
########.#.###########
...........#
#..........#
###.#####..#
#.##.....# #.########
#<#


You could see Edmund (berserk) and a dart slug.

Vanquished Creatures
  A hound (D:4)
  3 adders
  A dart slug (D:2)
  An orc (D:3)
  2 bats (D:1)
  3 endoplasms
  4 giant cockroaches
  A goblin (D:1)
  2 hobgoblins (D:1)
  3 kobolds
  A ball python (D:2)
  A rat (D:1)
23 creatures vanquished.

Notes
Turn   | Place    | Note
-------+----------+-------------------------------------------
     0 | D:1      | shadowstone the Gargoyle Fighter began the quest for the
                  | Orb.
     0 | D:1      | Reached XP level 1. HP: 14/14 MP: 1/1
   152 | D:1      | Reached XP level 2. HP: 11/19 MP: 2/2
   824 | D:2      | Reached XP level 3. HP: 20/23 MP: 3/3
  1184 | D:3      | Identified the +8 short sword of Joithylaips {freeze, rC+
                  | SInv}
  1237 | D:3      | Reached skill level 1 in Dodging
  1290 | D:4      | Noticed Edmund
  1296 | D:4      | Reached XP level 4. HP: 28/28 MP: 4/4
  1299 | D:4      | HP: 1/28 [Edmund/+1 flail of protection (6)]
  1300 | D:4      | Slain by Edmund

Illustrated notes

Levels and vault maps discovered:
D:1:      lordsloth_arrival_two_stooges, layout_basic,
          chequers_ecumenical_altar_island, serial_shops, nicolae_diamond_shop
D:2:      layout_basic, serial_shops, shop
D:3:      layout_loops_ring, kennysheep_cluttered_room, chequers_mini_garden,
          minmay_distorted, uniq_grinder
D:4:      layout_basic, kennysheep_mini, nicolae_qazlal_style_of_elements,
          nicolae_inconvenience_store, uniq_edmund, uniq_menkaure

Skill      XL: |  1  2  3 |
---------------+----------+-----
Polearms       | 2 |  2.7
Dodging        | 1 |  1.4
Fighting       | |  3.4
Armour         | |  3.7
Shields        | |  3.8

Action                   |  1- 3 |  4- 6 || total
-------------------------+-------+-------++-------
Melee: Trident           |    86 |       ||    86
       Short sword       |     4 |     4 ||     8
Armor: Scale mail        |   158 |     2 ||   160
Dodge: Dodged            |   116 |     1 ||   117
Block: Buckler           |    51 |     1 ||    52

Table legend: (Time is in decaauts)
 A = Elapsed time spent in this place.
 B = Non-inter-level travel time spent in this place.
 C = Inter-level travel time spent in this place.
 D = Time resting spent in this place.
 E = Time spent auto-exploring this place.
 F = Levels seen in this place.
 G = Mean time per level.
                   A        B        C        D        E       F      G
               +--------+--------+--------+--------+--------+-----+--------+
         Total |   1322 |   1322 |      0 |    265 |      0 |   4 |  330.5 |
       Dungeon |   1322 |   1322 |      0 |    265 |      0 |   4 |  330.5 |
               +--------+--------+--------+--------+--------+-----+--------+

Top non-repeatable levels by time:
     D:2: 561 daAuts
     D:1: 461 daAuts
     D:3: 262 daAuts
     D:4: 37 daAuts
